 Dungeon Crawl Stone Soup version 0.20.1-1-g8b1a95d66d (webtiles) character file.

137 Ivernyr the Shooter (level 5, -3/45 HPs)
             Began as a Centaur Hunter on Nov 18, 2017.
             Was an Initiate of Okawaru.
             Killed from afar by a white imp (11 damage)
             ... with a puff of frost
             ... summoned by Natasha
             ... on level 4 of the Dungeon.
             The game lasted 00:09:17 (3872 turns).

Ivernyr the Shooter (Centaur Hunter)                Turns: 3872, Time: 00:09:18

Health: -3/45      AC:  4    Str: 14    XL:     5   Next: 0%
Magic:  5/5        EV:  9    Int: 11    God:    Okawaru [......]
Gold:   214        SH:  0    Dex: 10    Spells: 4/4 levels left

rFire    . . .     SeeInvis .   a - +1 shortbow
rCold    . . .     Gourm    .   (shield currently unavailable)
rNeg     . . .     Faith    .   c - +0 leather armour
rPois    .         Spirit   .   (no helmet)
rElec    .         Reflect  .   (no cloak)
rCorr    .         Harm     .   (no gloves)
MR       .....                  (no barding)
Stlth    +.........             (no amulet)
Regen    0.2/turn               (no ring)
MPRegen  0.1/turn               (no ring)

@: very quick
A: hooves 3, deformed body, speed 2, tough skin 3
a: Renounce Religion


You were on level 4 of the Dungeon.
You worshipped Okawaru.
Okawaru was noncommittal.
You were hungry.

You visited 1 branch of the dungeon, and saw 4 of its levels.

You collected 214 gold pieces.

Inventory:

Hand Weapons
 a - a +1 shortbow (weapon)
Missiles
 d - 33 arrows (quivered)
Armour
 c - a +0 leather armour (worn)
Scrolls
 b - a scroll of noise {unknown}
 h - 3 scrolls of remove curse {unknown}
 i - 2 scrolls of teleportation {unknown}
 j - 2 scrolls of enchant weapon {unknown}
 m - 2 scrolls of identify {unknown}
 n - 2 scrolls of immolation {unknown}
 o - a scroll of blinking {unknown}
 t - a scroll of fog {unknown}
Potions
 e - 2 potions of curing {unknown}
 k - 2 potions of agility {unknown}
 l - 2 potions of heal wounds {unknown}
 p - a potion of lignification {unknown}
 q - a potion of flight {unknown}
 s - 3 potions of cancellation {unknown}
 u - a potion of mutation {unknown}
Comestibles
 f - 2 bread rations
 g - 2 meat rations
 r - 4 fruits


   Skills:
 + Level 3.2 Fighting
 * Level 7.0 Bows
 - Level 1.3 Dodging
 - Level 0.4 Stealth
 + Level 1.7 Unarmed Combat


You had 4 spell levels left.
You didn't know any spells.

Dungeon Overview and Level Annotations

Branches:
Dungeon (4/15)
 Temple: D:4-7

Altars:
Elyvilon
Gozag
Okawaru
Qazlal

Annotations:
D:4 Natasha


Innate Abilities, Weirdness & Mutations

You have hooves in place of feet.
Armour fits poorly on your strangely shaped body.
You cover ground very quickly.
You have extremely tough skin. (AC +3)


Message History

Natasha hisses.
Natasha claws you. The white imp closely misses you.
Firing (i - inventory):
d - 35 arrows (quivered)
Press: ? - help, Shift-Dir - straight line, f/p - Natasha
Aim: Natasha (severely wounded)
You shoot an arrow. The arrow closely misses Natasha.
Natasha stares at you and mumbles some strange words.
You resist with some effort.
The white imp shouts, "Remove thy stench, thou fulsome folly-fallen urchin!"
The white imp gestures at you. The puff of frost hits you!
* * * LOW HITPOINT WARNING * * *
Firing (i - inventory):
d - 34 arrows (quivered)
Press: ? - help, Shift-Dir - straight line, f/p - Natasha
Aim: Natasha (severely wounded)
You shoot an arrow. The arrow closely misses Natasha.
Natasha claws you but does no damage. The white imp gestures at you.
The puff of frost hits you!
You die...

... ######## ....
#..##..##....###### #+#
#..#...............
....##..#...............
........#...............
(.(.(.h@#...............
....##5.'.........##....
# ##+##O###....##....
#..##..##..........
.........#..........
.........'.........(
.........#..........
###.##..##.......... #.
##+##..........


You could see an ogre, Natasha and a white imp.

Vanquished Creatures
  The ghost of koes007 the Skirmisher, a weakling MiAK of Lugonu (D:3)
  5 adders
  4 worms
  A dart slug (D:2)
  A leopard gecko (D:3)
  2 orcs (D:3)
  6 bats
  2 giant cockroaches
  12 goblins
  4 hobgoblins
  3 jackals (D:1)
  A quokka (D:3)
  3 ball pythons
  4 frilled lizards
  9 kobolds
  4 rats
62 creatures vanquished.

Vanquished Creatures (others)
  A worm (D:3)
1 creature vanquished.

Grand Total: 63 creatures vanquished

Notes
Turn   | Place    | Note
-------+----------+-------------------------------------------
     0 | D:1      | Ivernyr the Centaur Hunter began the quest for the Orb.
     0 | D:1      | Reached XP level 1. HP: 17/17 MP: 1/1
   423 | D:1      | Reached XP level 2. HP: 24/25 MP: 2/2
  1179 | D:1      | Reached skill level 6 in Bows
  1187 | D:1      | Reached skill level 1 in Unarmed Combat
  1497 | D:2      | Reached XP level 3. HP: 30/30 MP: 3/3
  1584 | D:2      | Found an iron altar of Okawaru.
  1597 | D:2      | Became a worshipper of Warmaster Okawaru
  2222 | D:2      | Reached XP level 4. HP: 25/37 MP: 4/4
  2662 | D:3      | Found a white marble altar of Elyvilon.
  2764 | D:3      | Noticed koes007's ghost (weakling MiAK)
  2826 | D:3      | Killed koes007's ghost
  3222 | D:3      | Reached skill level 7 in Bows
  3282 | D:3      | Found a stormy altar of Qazlal.
  3545 | D:3      | Reached XP level 5. HP: 26/45 MP: 5/5
  3806 | D:4      | Found an opulent altar of Gozag.
  3860 | D:4      | Noticed Natasha
  3868 | D:4      | Noticed an ogre
  3872 | D:4      | Killed from afar by a white imp

Skill      XL: |  1  2  3  4 |
---------------+-------------+-----
Bows           | 6 7 |  7.0
Unarmed Combat | 1 |  1.7
Fighting       | 3 |  3.2
Dodging        | |  1.3
Stealth        | |  0.4

Action                   |  1- 3 |  4- 6 || total
-------------------------+-------+-------++-------
Melee: Unarmed           |   176 |    57 ||   233
       Kick              |    28 |    20 ||    48
       Punch             |     1 |       ||     1
 Fire: Shortbow          |    26 |    47 ||    73
  Eat: Chunk             |     3 |     4 ||     7
Armor: Leather armour    |    73 |    22 ||    95
Dodge: Dodged            |    85 |    29 ||   114
